 Dungeon Crawl Stone Soup version 0.29-a0-221-gceb61267dd (webtiles) character file.

Game seed: 9830026877952039526

13 dolemite99 the Chopper (level 2, -1/26 HPs)
             Began as a Hill Orc Monk on Feb 27, 2022.
             Slain by a rat (3 damage)
             ... on level 1 of the Dungeon.
             The game lasted 00:00:27 (356 turns).

dolemite99 the Chopper (Hill Orc Monk)               Turns: 356, Time: 00:00:27

Health: -1/26      AC:  2    Str: 13    XL:     2   Next: 37%
Magic:  2/2        EV: 12    Int: 10    God:
Gold:   7          SH:  0    Dex: 13    Spells: 1/1 levels left

rFire   . . .      SeeInvis .   a - +0 hand axe
rCold   . . .      Faith    .   (no shield)
rNeg    . . .      Spirit   .   b - +0 robe
rPois   .          Reflect  .   (no helmet)
rElec   .          Harm     .   (no cloak)
rCorr   .          Rampage  .   (no gloves)
Will    .....                   (no boots)
Stlth   ++........              (no amulet)
HPRegen 0.08/turn               (no ring)
MPRegen 0.08/turn               (no ring)

@: no status effects
A: no striking features
a: no special abilities


You were on level 1 of the Dungeon.
You visited 1 branch of the dungeon, and saw 1 of its levels.

You collected 7 gold pieces.

Inventory:

Hand Weapons
 a - a +0 hand axe (weapon)
Armour
 b - a +0 robe (worn)
Jewellery
 c - an amulet of the acrobat
Scrolls
 f - a scroll of blinking {unknown}
Potions
 d - a potion of curing


   Skills:
 - Level 3.6 Fighting
 + Level 5.0 Axes
 - Level 2.4 Dodging
 - Level 1.5 Stealth


You had one spell level left.
You didn't know any spells.
Your spell library was empty.

Dungeon Overview and Level Annotations

Branches:
Dungeon (1/15)

Altars:


Message History

The endoplasm jiggles.
The endoplasm freezes you.
You are frozen.
The kobold barely misses you.
You barely miss the kobold. Your punch misses the kobold.
The kobold is moderately wounded.
You hit the endoplasm but do no damage. The endoplasm freezes you.
You are frozen.
The kobold completely misses you.
Things that are here:
a +0 club; a goblin corpse You are too injured to fight recklessly!
You hit the endoplasm.
You kill the endoplasm!
Your Axes skill increases to level 5!
You are too injured to fight recklessly!
You closely miss the kobold. The kobold hits you but does no damage.
You are too injured to fight recklessly!
You hit the kobold.
The kobold is severely wounded.
The kobold hits you with a +0 dagger.
* * * LOW HITPOINT WARNING * * *
You hit the kobold.
You kill the kobold!
It was a potion of curing.
You feel better. The endoplasm freezes you.
You are frozen.
You hit the endoplasm.
The endoplasm is lightly wounded.
The endoplasm freezes you.
You are frozen.
* * * LOW HITPOINT WARNING * * *
You hit the endoplasm.
The endoplasm is heavily wounded.
The endoplasm freezes you.
You are frozen.
* * * LOW HITPOINT WARNING * * *
You hit the endoplasm.
You kill the endoplasm!
The rat bites you.
You die...

#. #.# #.#
########### #.#
###.........###
#.#
##...#######...#
.######.# ##..###
... ###..
......#.######..##
#.# ##.
#......)lr@.## #.#
## #?..#.########
#.# # #.###.#
##.## #(J)J.#
##...## ..(......#
##.....##
.#.####..#
##.......## ...#
##..)......##
+.... ##.
##...........##
###.#.#..
##......#......#


You could see a frilled lizard and a rat.

Vanquished Creatures
  2 endoplasms (D:1)
  2 goblins (D:1)
  3 jackals (D:1)
  2 bats (D:1)
  2 frilled lizards (D:1)
  A kobold (D:1)
  2 rats (D:1)
14 creatures vanquished.

Notes
Turn   | Place    | Note
-------+----------+-------------------------------------------
     0 | D:1      | dolemite99 the Hill Orc Monk began the quest for the Orb.
     0 | D:1      | Reached XP level 1. HP: 19/19 MP: 1/1
   230 | D:1      | Reached XP level 2. HP: 23/26 MP: 2/2
   350 | D:1      | Reached skill level 5 in Axes
   356 | D:1      | Slain by a rat

Illustrated notes

Levels and vault maps discovered:
D:1:      dpeg_arrival_central, layout_basic, ebering_ecumenical_altar_box,
          minmay_pentomino_q4

Skill      XL: |  1  2 |
---------------+-------+-----
Axes           | 5 |  5.0
Fighting       | |  3.6
Dodging        | |  2.4
Stealth        | |  1.5

Action                   || total
-------------------------++-------
Melee: Hand axe          ||    38
Throw: Javelin           ||     7
  Use: Potion            ||     1
Armor: Robe              ||    11
Dodge: Dodged            ||    29

Table legend: (Time is in decaauts)
 A = Elapsed time spent in this place.
 B = Non-inter-level travel time spent in this place.
 C = Inter-level travel time spent in this place.
 D = Time resting spent in this place.
 E = Time spent auto-exploring this place.
 F = Levels seen in this place.
 G = Mean time per level.
                   A        B        C        D        E       F      G
               +--------+--------+--------+--------+--------+-----+--------+
         Total |    361 |    361 |      0 |      0 |    259 |   1 |  361.0 |
       Dungeon |    361 |    361 |      0 |      0 |    259 |   1 |  361.0 |
               +--------+--------+--------+--------+--------+-----+--------+

Top non-repeatable levels by time:
     D:1: 361 daAuts
